 Dungeon Sprint DCSS version 0.28-a0-1616-g050a50673c (webtiles) character file.

Game seed: 13025792005441906264

21 rocky1 the Skirmisher (level 2, -1/35 HPs)
             Began as an Ogre Fighter on Jan 23, 2022.
             Was an Initiate of Okawaru.
             Frozen to death by an endoplasm (2 damage)
             ... in the Dungeon (Sprint VII: "The Pits").
             The game lasted 00:00:34 (204 turns).

rocky1 the Skirmisher (Ogre Fighter)                 Turns: 204, Time: 00:00:36

Health: -1/35      AC:  3    Str: 19    XL:     2   Next: 87%
Magic:  2/2        EV:  9    Int:  9    God:    Okawaru [......]
Gold:   0          SH:  0    Dex:  8    Spells: 1/1 levels left

rFire   . . .      SeeInvis .   a - +0 war axe
rCold   . . .      Faith    .   c - +0 kite shield
rNeg    . . .      Spirit   .   b - +0 robe
rPois   .          Reflect  .   (helmet restricted)
rElec   .          Harm     .   (no cloak)
rCorr   .          Rampage  .   (gloves unavailable)
Will    .....      NoTele   +   (boots unavailable)
Stlth   +.........              (no amulet)
HPRegen 0.11/turn               (no ring)
MPRegen 0.08/turn               (no ring)

@: confused
A: large, unfitting armour, tough skin 1
a: Renounce Religion


You were in the Dungeon.
You worshipped Okawaru.
Okawaru was noncommittal.
You visited 1 branch

Inventory:

Hand Weapons
 a - a +0 war axe (weapon)
Armour
 b - a +0 robe (worn)
 c - a +0 kite shield (worn)
Scrolls
 j - a scroll of blinking
 l - 5 scrolls of amnesia
Potions
 d - a potion of might
 e - a potion of curing
 f - a potion of heal wounds
 g - a potion of haste
 h - 4 potions of magic
 i - 3 potions of berserk rage
 k - 2 potions of invisibility


   Skills:
 + Level 5.5 Fighting
 + Level 2.3 Axes
 + Level 4.1 Dodging
 + Level 3.7 Shields


You had one spell level left.
You didn't know any spells.
Your spell library was empty.

Dungeon Overview and Level Annotations

Branches:
Dungeon (1/1)

Altars:
Ashenzari
Cheibriados
Dithmenos
Elyvilon
Fedhas
Gozag
Hepliaklqana
Kikubaaqudgha
Makhleb
Nemelex Xobeh
Okawaru
Qazlal
Ru
Sif Muna
Trog
Uskayaw
Vehumet
Wu Jian
Xom
Yredelemnul
Zin
The Shining One
Beogh
Jiyva
Lugonu


Innate Abilities, Weirdness & Mutations

You are too large for most types of armour.
You have tough skin. (AC +1)


Message History

The ball python is moderately wounded.
The ball python closely misses you.
You closely miss the ball python.
The ball python is moderately wounded.
The ball python bites you. x2
You barely miss the ball python. The ball python barely misses you.
The ball python bites you.
You slash the ball python!
You kill the ball python!
Okawaru accepts your kill. The orc wizard casts a spell at you.
You are confused.
You hit the orc wizard but do no damage.
The orc wizard closely misses you.
Unknown command.
You closely miss the orc wizard.
The orc wizard gestures at you while chanting.
You are more confused.
The orc hits you with a +0 war axe!
The orc wizard hits you with a +0 dagger.
The orc hits you with a +0 dagger. The endoplasm hits you.
There is an open door, spattered with blood here.
You see here a bat corpse.
Unknown command.
You miss the orc. You closely miss the endoplasm. You barely miss the orc.
You hit the orc wizard. The orc hits you with a +0 war axe.
The orc hits you with a +0 dagger.
* * * LOW HITPOINT WARNING * * *
The orc wizard hits you with a +0 dagger.
* * * LOW HITPOINT WARNING * * *
The endoplasm hits you.
* * * LOW HITPOINT WARNING * * *
The orc completely misses you.
You bump into the metal wall.
The orc hits you with a +0 dagger.
* * * LOW HITPOINT WARNING * * *
The orc wizard hits you with a +0 dagger.
* * * LOW HITPOINT WARNING * * *
The endoplasm freezes you.
You are frozen.
You die...

##########'##........
#.?(.')))'.##......#.
##########.##........
#...........'........
#+#####'#####......#.
#...#.# #........
#...#.# ####'####
#)o.'.# #.......#
##@#### #.......#
#oJo..# #.......#
#.o...# #...<...#
#....... #.......#
#........##.......#
###########.......#
#########


You could see an orc wizard, 3 orcs and an endoplasm.

Vanquished Creatures
  A river rat (D)
  An ufetubus (D)
  An orc (D)
  A bat skeleton (D)
  An endoplasm (D)
  A ball python (D)
  A ball python skeleton (D)
  A bat (D)
8 creatures vanquished.

Notes
Turn   | Place    | Note
-------+----------+-------------------------------------------
     0 | D        | rocky1 the Ogre Fighter began the quest for the Orb.
     0 | D        | Reached XP level 1. HP: 24/24 MP: 1/1
    15 | D        | Reached XP level 2. HP: 33/33 MP: 2/2
    19 | D        | Found a bloodstained altar of Trog.
    19 | D        | Found a shimmering blue altar of Sif Muna.
    19 | D        | Found a viscous altar of Jiyva.
    19 | D        | Found a hazy altar of Hepliaklqana.
    19 | D        | Found an opulent altar of Gozag.
    20 | D        | Found a glowing golden altar of the Shining One.
    20 | D        | Found a glowing silver altar of Zin.
    20 | D        | Found a basalt altar of Yredelemnul.
    20 | D        | Found a shimmering altar of Xom.
    20 | D        | Found an ornate altar of the Wu Jian Council.
    20 | D        | Found a sacrificial altar of Ru.
    20 | D        | Found a stormy altar of Qazlal.
    20 | D        | Found an iron altar of Okawaru.
    20 | D        | Found a sparkling altar of Nemelex Xobeh.
    20 | D        | Found a burning altar of Makhleb.
    20 | D        | Found a blossoming altar of Fedhas.
    20 | D        | Found a white marble altar of Elyvilon.
    20 | D        | Found a shadowy altar of Dithmenos.
    20 | D        | Found a snail-covered altar of Cheibriados.
    24 | D        | Found a corrupted altar of Lugonu.
    24 | D        | Found a radiant altar of Vehumet.
    25 | D        | Found a broken altar of Ashenzari.
    25 | D        | Found an ancient bone altar of Kikubaaqudgha.
    25 | D        | Found a hide-covered altar of Uskayaw.
    30 | D        | Became a worshipper of Warmaster Okawaru
    69 | D        | Reached skill level 5 in Fighting
   204 | D        | HP: 1/35 [orc wizard (2)]
   204 | D        | Frozen to death by an endoplasm

Illustrated notes

Levels and vault maps discovered:
D:        pitsprint [storerooms_1, entrance_room_1, metal_vault_1, armoury_1,
          mini_pit_1, grid_room_1, main_hall_1, silver_pit, the_coven_3,
          the_vestibule_1, steel_vault_4, golden_pit, hallway_of_sentries,
          crystal_vault_4, iron_vault_2, final_vault]

Skill      XL: |  1  2 |
---------------+-------+-----
Dodging        | 3 4 |  4.1
Shields        | 3 |  3.7
Fighting       | 5 |  5.5
Axes           | |  2.3

Action                   || total
-------------------------++-------
Melee: War axe           ||    24
 Stab: Sleeping          ||     1
Armor: Robe              ||    10
Dodge: Dodged            ||    10
Block: Kite shield       ||    10

Table legend: (Time is in decaauts)
 A = Elapsed time spent in this place.
 B = Non-inter-level travel time spent in this place.
 C = Inter-level travel time spent in this place.
 D = Time resting spent in this place.
 E = Time spent auto-exploring this place.
 F = Levels seen in this place.
 G = Mean time per level.
                   A        B        C        D        E       F      G
               +--------+--------+--------+--------+--------+-----+--------+
         Total |    216 |    216 |      0 |    104 |      0 |   1 |  216.0 |
       Dungeon |    216 |    216 |      0 |    104 |      0 |   1 |  216.0 |
               +--------+--------+--------+--------+--------+-----+--------+

Top non-repeatable levels by time:
       D: 216 daAuts
